 Dungeon Crawl Stone Soup version 0.23-a0-639-ga9a3373 (console) character file.

7 Duffy the Firebug (level 1, -4/13 HPs)
             Began as a Demonspawn Fire Elementalist on Dec 29, 2018.
             Was an Initiate of Cheibriados.
             Slain by a quokka (5 damage)
             ... on level 2 of the Dungeon.
             The game lasted 00:00:34 (150 turns).

Duffy the Firebug (Demonspawn Fire Elementalist)     Turns: 150, Time: 00:00:34

Health: -4/13      AC:  2    Str:  9    XL:     1   Next: 91%
Magic:  1/3        EV: 12    Int: 17    God:    Cheibriados [......]
Gold:   0          SH:  0    Dex: 14    Spells: 3/4 levels left

rFire    . . .     SeeInvis .   b - +0 short sword
rCold    . . .     Gourm    .   (no shield)
rNeg     . . .     Faith    .   a - +0 robe
rPois    .         Spirit   .   (no helmet)
rElec    .         Reflect  .   (no cloak)
rCorr    .         Harm     .   (no gloves)
MR       .....                  (no boots)
Stlth    ++........             (no amulet)
HPRegen  0.04/turn              (no ring)
MPRegen  0.08/turn              (no ring)

@: very slow
A: no striking features
a: Bend Time, Renounce Religion


You were on level 2 of the Dungeon.
You worshipped Cheibriados.
Cheibriados was noncommittal.
You were not hungry.

You visited 1 branch of the dungeon, and saw 2 of its levels.

Inventory:

Hand Weapons
 b - a +0 short sword (weapon)
Armour
 a - a +0 robe (worn)
Comestibles
 c - a ration


   Skills:
 - Level 1.7 Dodging
 - Level 1.7 Stealth
 + Level 2.1 Spellcasting
 + Level 1.3 Conjurations
 + Level 2.9 Fire Magic


You had 3 spell levels left.
You knew the following spells:

 Your Spells              Type           Power        Failure   Level  Hunger
h - Flame Tongue          Conj/Fire      #....        8%          1    #......

Your spell library contained the following spells:

 Spells                   Type           Power        Failure   Level  Hunger
 Throw Flame              Conj/Fire      #.....       12%         2    ###....
 Conjure Flame            Conj/Fire      #.......     24%         3    ###....
 Inner Flame              Hex/Fire       #.......     30%         3    ###....
 Sticky Flame             Conj/Fire      #.......     61%         4    #####..
 Fireball                 Conj/Fire      #.........   91%         5    ######.


Dungeon Overview and Level Annotations

Branches:
Dungeon (2/15)

Altars:
Cheibriados
Dithmenos
Yredelemnul


Message History

The kobold misses you. The jackal bites you. The jackal bites you.
* * * LOW HITPOINT WARNING * * *
The jackal bites you but does no damage.
The jackal bites you.
* * * LOW HITPOINT WARNING * * *
Casting: Flame Tongue (safe; 9% risk of failure)
Confirm with . or Enter, or press ? or * to list all spells.
Aiming: Flame Tongue (safe; 9% risk of failure)
Press: ? - help, Shift-Dir - straight line, f/p - kobold
Aim: a kobold (severely wounded)
The flame tongue hits the jackal.
You kill the jackal!
Cheibriados thoroughly appreciates the change of pace.
The quokka closely misses you.
You aren't carrying any potions.
You miss the quokka. The quokka closely misses you.
You closely miss the quokka. The quokka bites you.
You die...

#..## ####........
#.#####8###.......
#.#...#_~~##......
#....##..~~##...?.
#..####...~~#.....
#.## #8_....(.....
#..####...~~#(....
#....##..~~##(....
#@#...#_~~##.....)
#r#####8###.......
#K.## ####........
##..####...#......
##........##......
#>................
#......#%.........
#......#.........[
#......#..........


You could see a quokka and a kobold.

Vanquished Creatures
  A giant cockroach (D:2)
  A goblin (D:2)
  A hobgoblin (D:2)
  A jackal (D:2)
  A kobold (D:1)
  A frilled lizard (D:1)
6 creatures vanquished.

Notes
Turn   | Place    | Note
-------+----------+-------------------------------------------
     0 | D:1      | Duffy the Demonspawn Fire Elementalist began the quest for
                  | the Orb.
     0 | D:1      | Reached XP level 1. HP: 13/13 MP: 3/3
   111 | D:2      | Found a shadowy altar of Dithmenos.
   111 | D:2      | Found a snail-covered altar of Cheibriados.
   112 | D:2      | Found a basalt altar of Yredelemnul.
   121 | D:2      | Became a worshipper of Cheibriados the Contemplative
   150 | D:2      | Slain by a quokka

Vault maps used:
D:1:      roderic_chinese_lattice_arrival
D:2:      gammafunk_temple_overflow_claw, minmay_pentomino_x4

Action                   || total
-------------------------++-------
Melee: Short sword       ||     2
 Cast: Flame Tongue      ||     9
Armor: Robe              ||     1
Dodge: Dodged            ||    12

Table legend:
 A = Non-vault XP
 B = Vault XP
 C = Vault XP percentage of total XP
 D = Non-vault monster count
 E = Vault monster count
 F = Vault count percentage of total count
                 A         B        C        D         E       F
            +---------+---------+-------+---------+---------+-------
      Total |      11 |       0 |   0.0 |       6 |       0 |   0.0
            +---------+---------+-------+---------+---------+-------
        D:1 |       3 |       0 |   0.0 |       2 |       0 |   0.0
        D:2 |       8 |       0 |   0.0 |       4 |       0 |   0.0
            +---------+---------+-------+---------+---------+-------
